 Dungeon Crawl Stone Soup version 0.30-a0-879-ga8ba668304 (webtiles) character file.

Game seed: 9981568496639467525

112226 Zenkrye the Warrior (level 17, -4/155 HPs)
             Began as a Human Cinder Acolyte on Mar 13, 2023.
             Was a High Priest of Ignis.
             Slain by a bog body (26 damage)
             ... on level 2 of the Swamp.
             The game lasted 01:35:29 (37279 turns).

Zenkrye the Warrior (Human Cinder Acolyte)         Turns: 37279, Time: 01:35:29

Health: -4/155     AC: 29    Str: 21    XL:     17   Next: 14%
Magic:  18/18      EV:  7    Int: 17    God:    Ignis [*****.]
Gold:   1371       SH:  9    Dex: 11    Spells: 15/18 levels left

rFire   + . .      SeeInvis .    b - +0 demon trident (freeze)
rCold   . . .      Faith    .    l - +0 kite shield
rNeg    + . .      Spirit   .    I - +2 chain mail {rN+}
rPois   +          Reflect  .    q - +2 helmet {Int+3}
rElec   .          Rampage  .    e - +0 cloak
rCorr   .                        B - +1 pair of gloves
Will    +....                    E - +2 pair of boots {Fly} Stlth
                                 R - amulet of Vitality {RegenMP++ Regen++}
HPRegen 2.05/turn                p - +4 ring of protection
MPRegen 0.96/turn                o - ring of poison resistance

@: lethally poisoned (-4 -> -21), flying, slowed, very slow
A: no striking features
a: Renounce Religion, Fiery Armour, Foxfire Swarm, Rising Flame


You were on level 2 of the Swamp.
You worshipped Ignis.
Ignis was extremely pleased with you.
You visited 4 branches of the dungeon, and saw 24 of its levels.
You visited the Abyss 1 time.
You also visited: Sewer.

You collected 2378 gold pieces.
You spent 1007 gold pieces at shops.

Inventory:

Hand Weapons
 b - a +0 demon trident of freezing (weapon)
 F - the +6 shillelagh "Devastator" {shatter}
   (You found it on level 9 of the Dungeon)
Missiles
 s - 5 curare-tipped darts
 v - 4 javelins
 y - 21 boomerangs (quivered)
 A - 11 poisoned darts
 D - 2 throwing nets {!f}
Armour
 e - a +0 cloak (worn)
 l - a +0 kite shield (worn)
 q - a +2 helmet of intelligence (worn)
 B - a +1 pair of gloves (worn)
 E - a +2 pair of boots of flying (worn)
 I - a +2 chain mail of positive energy (worn)
Jewellery
 c - a ring of protection from cold
 n - a ring of positive energy
 o - a ring of poison resistance (right hand)
 p - a +4 ring of protection (left hand)
 r - a ring of resist corrosion
 t - a +6 ring of intelligence
 H - a ring of willpower
 J - the ring of Qiher {*Slow rElec rPois rCorr Slay+4}
   (You found it on level 4 of the Lair of Beasts)

   [ring of slaying]

   Slay:      It affects your accuracy & damage with ranged weapons and melee
   (+4).
   rElec:     It insulates you from electricity.
   rPois:     It protects you from poison.
   rCorr:     It protects you from acid and corrosion.
   *Slow:     It may slow you when you take damage.
 Q - the ring "Gomnasua" {rElec rN++ MP+9 Str+4 Dex-2}
   (You bought it in a shop on level 14 of the Dungeon)

   [ring of magical power]

   Str:       It affects your strength (+4).
   Dex:       It affects your dexterity (-2).
   rElec:     It insulates you from electricity.
   rN:        It greatly protects you from negative energy.
   MP:        It affects your magic capacity (+9).
 R - the amulet of Vitality (around neck) {RegenMP++ Regen++}
   (You took it off a skeletal warrior on level 14 of the Dungeon)

   [amulet of magic regeneration]

   It increases your rate of magic regeneration.
   Regen:     It increases your rate of health regeneration.
Wands
 w - a wand of polymorph (1)
 z - a wand of flame (45)
 M - a wand of paralysis (18)
 O - a wand of iceblast (4) {@v4}
 U - a wand of mindburst (3)
 V - a wand of acid (3) {@v2}
Scrolls
 a - 3 scrolls of immolation
 i - 3 scrolls of identify {@r1}
 x - a scroll of magic mapping
 G - a scroll of fog
 K - 4 scrolls of amnesia
 P - 4 scrolls of teleportation {@r3}
Potions
 d - 4 potions of mutation
 f - 3 potions of cancellation
 g - 5 potions of curing {@q1}
 h - 4 potions of magic
 j - 2 potions of might {@q4}
 k - 5 potions of ambrosia
 m - a potion of invisibility
 u - 2 potions of brilliance
 C - 5 potions of heal wounds {@q2}
Miscellaneous
 S - a lightning rod (4/4)
 T - a tin of tremorstones (1/2)


   Skills:
 + Level 19.8 Fighting
 - Level 14.0 Polearms
 - Level 12.8 Armour
 * Level 7.2 Shields
 - Level 1.0 Spellcasting
 - Level 3.0 Fire Magic
 - Level 9.2 Evocations


You had 15 spell levels left.
You knew the following spells:

 Your Spells              Type           Power      Damage    Failure   Level
a - Scorch                Fire           22%        2d6       80%         2
p - Apportation           Tloc           0%         N/A       97%         1

Your spell library contained the following spells:

 Spells                   Type           Power      Damage    Failure   Level
 Necrotise                Necr           0%         1d4       97%         1
 Blink                    Tloc           0%         N/A       99%         2
 Cigotuvi's Dreadful Rot  Necr/Pois/Air  0%         N/A       99%         2
 Ensorcelled Hibernation  Hex/Ice        0%         N/A       99%         2
 Lesser Beckoning         Tloc           0%         N/A       99%         2
 Momentum Strike          Conj/Tloc      0%         3d8       99%         2
 Sublimation of Blood     Necr           0%         N/A       99%         2
 Ignite Poison            Fire/Tmut/Pois 4%         N/A       99%         3
 Kindle Blastsparks       Fire/Tloc/Air  8%         2d10      99%         3
 Call Canine Familiar     Summ           0%         N/A       100%        3
 Ozocubu's Armour         Ice            0%         N/A       100%        3
 Portal Projectile        Hex/Tloc       0%         N/A       100%        3
 Spider Form              Tmut/Pois      0%         N/A       100%        3
 Tukima's Dance           Hex            0%         N/A       100%        3
 Vampiric Draining        Necr           0%         2d6       100%        3
 Anguish                  Hex/Necr       0%         N/A       100%        4
 Dispel Undead            Necr           0%         3d6       100%        4
 Leda's Liquefaction      Hex/Erth       0%         N/A       100%        4
 Passage of Golubria      Tloc           0%         N/A       100%        4
 Petrify                  Tmut/Erth      0%         N/A       100%        4
 Agony                    Necr           0%         N/A       100%        5
 Alistair's Intoxication  Tmut/Pois      0%         N/A       100%        5
 Blade Hands              Tmut           0%         N/A       100%        5
 Freezing Cloud           Conj/Ice/Air   0%         6-21      100%        5
 Irradiate                Conj/Tmut      0%         3d11      100%        5
 Metabolic Englaciation   Hex/Ice        0%         N/A       100%        5
 Silence                  Hex/Air        0%         N/A       100%        5
 Death Channel            Necr           0%         N/A       100%        6
 Simulacrum               Ice/Necr       0%         N/A       100%        6
 Lehudib's Crystal Spear  Conj/Erth      0%         10d2      100%        8


Dungeon Overview and Level Annotations

Branches:
Dungeon (15/15)            Temple (0/1) D:5            Lair (5/5) D:11
  Swamp (2/4) Lair:2        Snake (0/4) Lair:2        Slime (0/5) Lair:4
    Orc (2/2) D:10            Elf (0/3) Orc:2        Vaults (0/5) D:13
 Depths (0/4) D:15          Sewer (visited)

Altars:
Ashenzari
Hepliaklqana
Kikubaaqudgha
Makhleb
Qazlal
Ru
Trog
Uskayaw
Zin
The Shining One
Jiyva

Shops:
D:2 =*[(?   D:4 !   D:13 (   D:14 *   Orc:1 !   Orc:2 ??:(

Annotations:
D:3 2 transporters, patfeehan111222's ghost, amateur MiBe
D:7 1 runed translucent door, Crazy Yiuf
D:15 Roxanne
Lair:5 2 transporters, exclusions: obsidian statue and oklob plant, jasper's ghost, journeyman DsGl
Swamp:1 Louise; Mlioglotl


Message History

The blast of poison engulfs you.
You are poisoned.
A will-o-the-wisp comes into view.
The will-o-the-wisp blinks!
A bunyip comes into view.
The will-o-the-wisp moves out of view.
The bunyip gives a hideous shriek!
You reach to attack!
You barely miss the bog body.
The bog body is lightly damaged.
You are engulfed in poison gas.
You are more poisoned.
You feel extremely sick.
You are too injured to fight recklessly!
You are too injured to fight recklessly!
You are too injured to fight recklessly!
You completely miss the swamp dragon.
You are engulfed in poison gas.
You are more poisoned.
You feel extremely sick.
The swamp dragon breathes poison at you.
The blast of poison engulfs you but does no damage.
You are more poisoned.
The will-o-the-wisp blinks!
The bog body casts a spell at you. The bolt of cold hits you!
* * * LOW HITPOINT WARNING * * *
You're wearing all the rings you can.
Remove which one? (? for menu, Esc to cancel) < or
p - a +4 ring of protection; > or
H - a ring of willpower You remove your ring of willpower.
You are engulfed in poison gas.
You are more poisoned.
* * * LOW HITPOINT WARNING * * *
* * * LOW HITPOINT WARNING * * *
You feel extremely sick. The swamp dragon barely misses you.
You block the swamp dragon's attack. x2
o - a ring of poison resistance (right hand)
You feel extremely sick. The bog body touches you.
* * * LOW HITPOINT WARNING * * *
The bog body freezes you!!
You die...

..§♣♣ ♣ ....♣
♣. ~.~.♣♣ ...
♣♣♣♣♣..°.~.
..~~ ...).°.♣~~
~~~.~♣☼~~~§..~~
~.~.○○§D°~~.~~~
~.~..☼°@○~x~.~♣
~~~~☼~n?○~...♣♣
~~~~~°°~♣○.~.♣
..$.~.~§...~.♣
.♣~~..~♣~ ..♣♣
<~~~~.~ ~..♣♣
~~~~.~. ~. ♣
~~♣~.~~ ~~~


You could see a bunyip, a swamp dragon (catching breath) and a bog body.

Vanquished Creatures
  Jorgrun (Orc:2)
  Frances (D:13)
  Agnes (D:15)
  Kirke (D:15)
  An orc warlord (Orc:1)
  A bunyip (Swamp:1)
  4 dire elephants (Lair:5)
  An ettin (D:15)
  10 hydras
  Harold (D:10)
  5 centaur warriors
  7 two-headed ogres
  3 alligators (Swamp:1)
  7 death yaks
  An orc high priest (Orc:1)
  2 tengu warriors
  A spectral death yak (Lair:5)
  2 skysharks
  2 skeletal warriors (D:14)
  2 deep trolls (D:15)
  3 bog bodies
  A spectral anaconda (Lair:5)
  4 orc knights
  A wizard (D:15)
  4 necromancers (Lair:5)
  2 deep elf pyromancers
  20 ugly things
  A manticore (shapeshifter) (D:14)
  8 manticores
  3 orc sorcerers
  7 cyclopes
  4 black mambas
  3 torpor snails
  4 gargoyles
  22 elephants
  A dire elephant zombie (Lair:5)
  17 cane toads
  Maggie (D:6)
  A yaktaur (D:14)
  3 efreet
  3 unseen horrors
  2 kobold demonologists
  8 komodo dragons
  2 tengu conjurers (D:15)
  5 polar bears
  10 trolls
  A tyrant leech (Swamp:1)
  3 hornets
  5 blink frogs (Lair:4)
  5 dream sheep (Lair:2)
  A snapping turtle (shapeshifter) (D:15)
  A large abomination (Abyss:2)
  2 centaur simulacra (D:12)
  2 slime creatures
  2 vampires
  70 yaks
  2 hogs (D:15)
  A wraith (D:11)
  5 wyverns
  8 basilisks
  A human (D:9)
  2 steam dragons
  3 spectral cane toads (Lair:5)
  11 vampire mosquitoes
  A fire elemental (Lair:4)
  A redback (D:14)
  Menkaure (D:6)
  4 death yak simulacra
  2 wargs
  2 swamp worms (Swamp:1)
  4 nagas (Lair:2)
  2 acid dragons
  12 water moccasins
  Pargi (Sewer)
  3 ice beasts
  2 black bears
  A sky beast (D:7)
  32 orc warriors
  An elephant zombie (Lair:5)
  5 wolves
  A boggart (D:14)
  16 ogres
  22 centaurs
  2 phantoms (D:5)
  An elephant skeleton (Lair:5)
  3 kobold brigands
  A small abomination (Abyss:2)
  A gnoll sergeant (D:13)
  8 bullfrogs
  A scorpion (D:4)
  3 cane toad simulacra
  8 wights
  A hornet simulacrum (D:14)
  2 elephant simulacra (Lair:5)
  9 howler monkeys
  3 electric eels
  2 hounds
  3 jellies (Lair:4)
  16 orc priests
  3 sleepcaps
  2 iguanas
  18 orc wizards
  Terence (D:2)
  2 troll simulacra (D:13)
  A wolf simulacrum (D:13)
  8 gnolls
  3 naga simulacra (D:13)
  2 river rats (D:5)
  8 adders
  A white imp (D:6)
  2 ufetubi
  3 worms
  5 dart slugs
  84 orcs
  3 bats
  7 endoplasms
  7 giant cockroaches
  5 goblins
  7 hobgoblins
  2 jackals (D:2)
  14 kobolds
  2 quokkas
  9 ball pythons
  2 frilled lizards
  6 rats
703 creatures vanquished.

Vanquished Creatures (others)
  2 bloated husks (Swamp:1)
  A swamp worm (Swamp:1)
  A scorpion (D:6)
  An orc priest (Orc:1)
  4 orcs (Orc:1)
  A bush (Lair:5)
  41 fungi
  73 plants
  33 withered plants (Lair:5)
157 creatures vanquished.

Grand Total: 860 creatures vanquished

Notes
Turn   | Place    | Note
-------+----------+-------------------------------------------
     0 | D:1      | Zenkrye the Human Cinder Acolyte began the quest for the
                  | Orb.
     0 | D:1      | Reached XP level 1. HP: 18/18 MP: 2/2
   101 | D:1      | Reached XP level 2. HP: 21/24 MP: 3/3
   218 | D:1      | Found a faded altar of an unknown god.
   863 | D:2      | Noticed Terence
   893 | D:1      | Learned a level 2 spell: Scorch
   958 | D:2      | Reached XP level 3. HP: 29/29 MP: 4/4
  1014 | D:2      | Found Meudyrradgh's Magic Scroll Shoppe.
  1069 | D:2      | Found Gas Ety's Weapon Shop.
  1226 | D:2      | Reached XP level 4. HP: 35/35 MP: 5/5
  1323 | D:2      | Found Joan Gut's Assorted Antiques.
  1336 | D:2      | Found Quas's Antique Armour Boutique.
  1465 | D:2      | Found Piot's Jewellery Shoppe.
  1699 | D:2      | Killed Terence
  1700 | D:2      | Reached skill level 5 in Polearms
  1794 | D:3      | Found a stormy altar of Qazlal.
  1895 | D:3      | Found a transporter.
  1901 | D:3      | Reached XP level 5. HP: 41/41 MP: 6/6
  1903 | D:3      | Noticed an ogre
  1906 | D:3      | Noticed an ogre
  1938 | D:3      | Found a transporter.
  1938 | D:3      | Noticed patfeehan111222's ghost (amateur MiBe)
  2021 | D:3      | Learned a level 1 spell: Apportation
  2572 | D:4      | Found Zaghooc's Distillery.
  2620 | D:3      | Reached XP level 6. HP: 38/47 MP: 7/7
  3169 | D:3      | Reached XP level 7. HP: 36/52 MP: 8/8
  3848 | D:5      | Entered Level 5 of the Dungeon
  3853 | D:5      | Found a glowing drain.
  3947 | Sewer    | Entered a sewer
  4037 | Sewer    | Noticed Pargi
  4043 | Sewer    | Killed Pargi
  4299 | D:5      | Reached XP level 8. HP: 58/58 MP: 9/9
  4474 | D:5      | Found a hazy altar of Hepliaklqana.
  4971 | D:5      | Found a staircase to the Ecumenical Temple.
  5235 | D:6      | Found a glowing silver altar of Zin.
  5335 | D:6      | Reached skill level 10 in Polearms
  5463 | D:6      | Noticed Maggie
  5468 | D:6      | Killed Maggie
  5469 | D:6      | Reached XP level 9. HP: 63/63 MP: 10/10
  5727 | D:6      | Noticed a +0 short sword
  5728 | D:6      | Noticed a +0 spear
  5728 | D:6      | Noticed a +0 spear
  5729 | D:6      | Noticed a +0 dagger
  5729 | D:6      | Noticed a +0 short sword
  5730 | D:6      | Noticed a +0 falchion
  5730 | D:6      | Noticed a +0 dagger
  5730 | D:6      | Noticed a +0 falchion
  5800 | D:6      | Found a hide-covered altar of Uskayaw.
  5829 | D:6      | Noticed Menkaure
  5840 | D:6      | Killed Menkaure
  5977 | D:6      | Found an ancient bone altar of Kikubaaqudgha.
  6963 | D:7      | Reached skill level 1 in Armour
  7010 | D:7      | Noticed Joseph
  7012 | D:7      | Joseph changed into Joseph the acid dragon
  7012 | D:7      | Noticed Joseph
  7032 | D:7      | Killed Joseph the acid dragon
  7104 | D:7      | Found a burning altar of Makhleb.
  7129 | D:7      | Noticed a hornet
  7139 | D:7      | Killed a hornet
  7251 | D:7      | Reached skill level 4 in Fighting
  7280 | D:7      | Found a glowing golden altar of the Shining One.
  7319 | D:7      | Found a sacrificial altar of Ru.
  7341 | D:7      | Found a runed translucent door.
  7342 | D:7      | Noticed Crazy Yiuf
  7710 | D:2      | Bought a scroll of brand weapon for 114 gold pieces
  7825 | D:4      | Reached XP level 10. HP: 48/73 MP: 11/11
  8817 | D:8      | Reached skill level 5 in Fighting
  9223 | D:9      | Noticed a kobold demonologist
  9439 | D:9      | Noticed a two-headed ogre
  9440 | D:9      | Noticed a two-headed ogre
  9440 | D:9      | Found the +6 shillelagh "Devastator" {shatter}
  9440 | D:9      | Noticed a two-headed ogre
  9441 | D:9      | Noticed a gargoyle
  9691 | D:9      | Reached skill level 1 in Evocations
  9951 | D:9      | Killed a two-headed ogre
 10067 | D:9      | Paralysed by a hornet for 3 turns
 10074 | D:9      | Paralysed by a hornet for 1 turns
 10276 | D:9      | Killed a two-headed ogre
 10277 | D:9      | Reached skill level 6 in Fighting
 10277 | D:9      | Reached skill level 5 in Armour
 10277 | D:9      | Reached XP level 11. HP: 62/81 MP: 12/12
 10408 | D:9      | Killed a two-headed ogre
 11467 | D:10     | Entered Level 10 of the Dungeon
 11469 | D:10     | Found a staircase to the Orcish Mines.
 11758 | D:10     | Noticed Harold
 11864 | D:10     | Reached skill level 7 in Fighting
 11951 | D:10     | Found a broken altar of Ashenzari.
 12307 | D:10     | Noticed Lodul
 12465 | D:10     | Lodul changed into Lodul the howler monkey
 12465 | D:10     | Noticed Lodul
 12469 | D:9      | Killed Lodul the howler monkey
 12965 | D:10     | Reached skill level 5 in Evocations
 13364 | D:10     | Killed Harold
 13365 | D:10     | Reached skill level 8 in Fighting
 13664 | Orc:1    | Entered Level 1 of the Orcish Mines
 13800 | Orc:1    | Noticed an orc sorcerer
 13808 | Orc:1    | Reached XP level 12. HP: 61/93 MP: 13/13
 14168 | Orc:1    | Found Qasoe's Distillery.
 15200 | Orc:1    | Reached skill level 9 in Fighting
 15261 | Orc:1    | Noticed an orc high priest
 15341 | Orc:1    | Noticed a soul eater
 15475 | Orc:1    | Killed an orc high priest
 16458 | D:11     | Found a broken altar of Ashenzari.
 16560 | D:11     | Reached skill level 10 in Fighting
 16572 | D:11     | Found a staircase to the Lair.
 16969 | D:11     | Noticed a two-headed ogre
 16983 | D:11     | Killed a two-headed ogre
 17159 | Lair:1   | Entered Level 1 of the Lair of Beasts
 17830 | Lair:1   | Reached XP level 13. HP: 102/105 MP: 14/14
 17896 | Lair:1   | Reached skill level 11 in Fighting
 18560 | Lair:2   | Found a staircase to the Swamp.
 19176 | Lair:2   | Found a staircase to the Snake Pit.
 19212 | Lair:2   | Reached skill level 12 in Fighting
 19986 | Lair:2   | Reached skill level 10 in Armour
 21126 | Lair:3   | Reached skill level 13 in Fighting
 21299 | Lair:3   | Noticed a six-headed hydra
 21299 | Lair:3   | Noticed an eight-headed hydra
 21353 | Lair:2   | Killed a six-headed hydra
 22059 | Orc:2    | Entered Level 2 of the Orcish Mines
 22106 | Orc:2    | Noticed an orc warlord
 22676 | Orc:1    | Reached XP level 14. HP: 78/119 MP: 15/15
 23078 | Orc:1    | Reached skill level 14 in Fighting
 24091 | Orc:1    | Killed an orc warlord
 24242 | Orc:2    | Noticed Jorgrun
 24795 | Orc:2    | Found Jioj's Magic Scroll Shop.
 24795 | Orc:2    | Found Equgantu's Book Shoppe.
 24795 | Orc:2    | Found Zeduutt's Antique Weapon Emporium.
 24798 | Orc:2    | Found Saupeu's Magic Scroll Boutique.
 24830 | Orc:2    | Killed Jorgrun
 25012 | Orc:2    | Reached skill level 15 in Fighting
 25121 | Orc:2    | Found a staircase to the Elven Halls.
 25264 | Orc:2    | Bought a scroll of acquirement for 728 gold pieces
 25265 | Orc:2    | Acquired a +0 demon trident of freezing
 26610 | Lair:4   | Reached skill level 16 in Fighting
 27462 | Lair:4   | Identified the +8 dagger "Givaudif" {freeze, rElec rF+
                  | rCorr}
 27495 | Lair:4   | Found a viscous altar of Jiyva.
 27496 | Lair:4   | Found a staircase to the Slime Pits.
 27519 | Lair:4   | Identified the ring of Qiher {*Slow rElec rPois rCorr
                  | Slay+4}
 27761 | Lair:5   | Entered Level 5 of the Lair of Beasts
 27854 | Lair:5   | Reached XP level 15. HP: 84/133 MP: 16/16
 28251 | Lair:4   | Reached skill level 17 in Fighting
 28362 | Lair:5   | Found a transporter.
 28363 | Lair:5   | Found a transporter.
 28363 | Lair:5   | Noticed jasper's ghost (journeyman DsGl)
 29690 | Lair:5   | Identified the +7 ring mail "Enesorch" {rF+ rN+ Stlth-}
 30278 | Lair:5   | Reached skill level 18 in Fighting
 30494 | Lair:5   | Found a bloodstained altar of Trog.
 31134 | Lair:5   | Found the +12 pair of quick blades "Gyre" and "Gimble"
                  | {protect}
 33025 | D:13     | Reached XP level 16. HP: 121/145 MP: 17/17
 33567 | D:13     | Found Qump's Weapon Shoppe.
 33655 | D:13     | Noticed Frances
 33928 | D:14     | Reached skill level 19 in Fighting
 34056 | D:14     | Found Exef Foenuf's Assorted Antiques.
 34062 | D:14     | Bought a translucent lead ring for 165 gold pieces
 34062 | D:14     | Identified the ring "Gomnasua" {rElec rN++ MP+9 Str+4
                  | Dex-2} (You bought it in a shop on level 14 of the Dungeon)
 34279 | D:14     | Paralysed by a hornet for 3 turns
 34504 | D:14     | Reached skill level 1 in Shields
 35138 | D:15     | Entered Level 15 of the Dungeon
 35230 | D:15     | Paralysed by an orc sorcerer for 3 turns
 35289 | D:15     | Reached skill level 5 in Shields
 35560 | D:15     | Noticed Agnes
 35582 | D:15     | Killed Agnes
 35713 | D:15     | Noticed Roxanne
 35900 | D:15     | Found a staircase to the Depths.
 36007 | D:15     | Noticed Kirke
 36043 | D:15     | Killed Kirke
 36643 | D:13     | Reached XP level 17. HP: 152/154 MP: 18/18
 36696 | D:13     | Found a gate to the Vaults.
 36783 | D:13     | Killed Frances
 36890 | Swamp:1  | Entered Level 1 of the Swamp
 37064 | Swamp:1  | Noticed Mlioglotl
 37140 | Swamp:1  | Noticed Louise
 37166 | Abyss:2  | Found a corrupted altar of Lugonu.
 37166 | Abyss:2  | Cast into level 2 of the Abyss (Louise)
 37233 | Swamp:1  | Escaped the Abyss
 37279 | Swamp:2  | Slain by a bog body

Illustrated notes

Levels and vault maps discovered:
D:1:      ebering_trefoil_twist, layout_basic, ebering_ecumenical_altar_hall,
          chequers_mini_garden, minmay_hedge_maze, minmay_pentomino_x2
D:2:      layout_loops_ring, serial_shops, shop, shop,
          nicolae_shop_bloodbath_and_beyond, nicolae_shop_behind_doors,
          nicolae_shop_waterfront, minmay_fountain_box, uniq_terence
D:3:      layout_rooms, grunt_qazlal_clouds, gammafunk_ghost_smash
D:4:      layout_cave_pools, serial_shops, nicolae_shop_behind_doors,
          kennysheep_opposing_triangles
D:5:      layout_gridville, mainiacjoe_overflow_alcove_4, temple_fountains,
          portal_sewer_entry_a
D:6:      layout_basic, nicolae_uskayaw_en_pointe, zin_statuary,
          nicolae_kikubaaqudgha_miasma_corner, chequers_serial_rivers_small_b,
          lightli_orcish_oven, uniq_maggie, uniq_menkaure
D:7:      layout_cave_pools, mainiacjoe_overflow_chevrons,
          gammafunk_temple_overflow_pools, uniq_joseph, uniq_crazy_yiuf_cottage
D:8:      layout_cave_pools
D:9:      hellmonk_crumbling_castle, layout_long_grid,
          dilly_guarded_unrand_devastator
D:10:     layout_long_grid, mainiacjoe_overflow_surrounded_room, david_orc_2,
          nicolae_zen_rock_garden, uniq_harold, uniq_lodul
D:11:     layout_long_grid, lair_entry_dummy, ashenzari_altar_1
D:12:     layout_irregular_city, serial_ice, serial_ice_i, serial_ice_c,
          serial_ice_m, serial_ice_g, dk_noncrumbling_2
D:13:     layout_roguey, david_vaults_1, serial_shops, kennysheep_mini,
          portal_ice_cave_entry_ice_simulacra, dreamdust_princess_corridor,
          minmay_between, uniq_frances
D:14:     minmay_the_grid_octo_tiled_squarecenter_mashed
          [minmay_the_grid_octo_clover_2, minmay_the_grid_octo_empty,
          minmay_the_grid_octo_chip, minmay_the_grid_octo_77,
          minmay_the_grid_square_5x5_megaprize_crossed,
          minmay_the_grid_square_5x5_checkered_sparse,
          minmay_the_grid_square_5x5_broken_cross,
          minmay_the_grid_square_5x5_pentomino_r,
          minmay_the_grid_square_5x5_spiral_small], layout_basic, serial_shops,
          nicolae_square_shop, kennysheep_nondescript
D:15:     hangedman_depths_entry_civil_slaughter, layout_long_grid,
          serial_park_tiny_pond, serial_co_window_serial,
          co_window_of_opportunity_a, co_window_paths_b,
          co_window_of_opportunity_a, co_window_paths_a, co_window_paths_a,
          co_window_corner_cb, co_window_cross_4, co_window_corner_b,
          co_window_broadway_a, co_window_2corner, co_window_corner_cb,
          co_window_corner_cb, co_window_paths_e, glass_columns_a,
          glass_columns_a, glass_columns_a, uniq_kirke, uniq_roxanne, uniq_agnes
Lair:1:   layout_regular_city
Lair:2:   layout_layer_cave, skrybe_swamp_entry_bodies,
          minmay_snake_entry_guardpost_small, gauntlet_entry_generic,
          grunt_megastairs_2
Lair:3:   layout_cave_pods, infiniplex_staircase_pool, serial_bayou_shore_b
Lair:4:   layout_gridlike, minmay_slime_entry_pillars
Lair:5:   due_jungle_book, layout_misc_corridors,
          gammafunk_ghost_wrathful_warriors
Swamp:1:  layout_basic_swamp, evilmike_swamp_ruin_house_1, swamp_pool1,
          hangedman_swamp_dais, uniq_mlioglotl, uniq_louise
Swamp:2:  layout_falls_marsh, evilmike_swamp_ruin_house_3
Orc:1:    layout_caves, serial_shops, shop, basic_altar
Orc:2:    st_orc_rangers, layout_caves, uniq_jorgrun

Skill      XL: |  1  2  3  4  5  6  7  8  9 10 11 12 13 14 15 16 17 |
---------------+----------------------------------------------------+-----
Polearms       | 4 5 6 7 9 10 12 13 14 | 14.0
Armour         | 2 5 7 9 10 12 | 12.8
Fighting       | 4 6 8 10 13 16 18 19 | 19.8
Evocations     | 2 5 7 8 9 |  9.2
Shields        | 6 7 |  7.2
Spellcasting   | |  1.0
Fire Magic     | |  3.0

Action                     |  1- 3 |  4- 6 |  7- 9 | 10-12 | 13-15 | 16-18 || total
---------------------------+-------+-------+-------+-------+-------+-------++-------
  Melee: Spear             |   136 |   190 |   169 |       |       |       ||   495
         Punch             |     1 |       |     5 |     7 |    17 |     5 ||    35
         Trident           |       |       |   165 |   541 |   451 |       ||  1157
         Shillelagh        |       |       |       |    21 |    72 |    12 ||   105
         Demon trident     |       |       |       |       |   970 |   781 ||  1751
  Throw: Javelin           |       |    11 |    12 |     2 |       |       ||    25
         Dart              |       |       |    19 |    96 |    61 |     2 ||   178
         Boomerang         |       |       |     3 |     7 |    25 |    20 ||    55
         Throwing net      |       |       |       |     2 |       |       ||     2
   Cast: Scorch            |       |     6 |       |       |       |       ||     6
         Apportation       |       |       |       |       |     1 |       ||     1
  Evoke: Wand              |       |       |    11 |    16 |    10 |     7 ||    44
         Tin of tremorston |       |       |       |       |       |     1 ||     1
    Use: Scroll            |     1 |     7 |     9 |    11 |    12 |     2 ||    42
         Potion            |       |       |     1 |     6 |     2 |     4 ||    13
   Stab: Held in net/web   |       |       |       |     1 |       |       ||     1
         Paralysed         |       |       |       |       |     7 |       ||     7
         Invisible         |       |       |       |       |     4 |       ||     4
 Armour: Ring mail         |    30 |    29 |       |       |       |       ||    59
         Chain mail        |       |    59 |   161 |   189 |   888 |   424 ||  1721
         Plate armour      |       |       |       |    86 |       |       ||    86
  Dodge: Dodged            |    32 |    48 |    78 |   150 |   492 |   175 ||   975
  Block: Kite shield       |       |       |       |       |       |   116 ||   116

Table legend: (Time is in decaauts)
 A = Elapsed time spent in this place.
 B = Non-inter-level travel time spent in this place.
 C = Inter-level travel time spent in this place.
 D = Time resting spent in this place.
 E = Time spent auto-exploring this place.
 F = Levels seen in this place.
 G = Mean time per level.
                   A        B        C        D        E       F      G
               +--------+--------+--------+--------+--------+-----+--------+
         Total |  36581 |  34480 |   2101 |   9176 |  19004 |  26 | 1407.0 |
       Dungeon |  20891 |  19584 |   1307 |   4482 |  11584 |  15 | 1392.7 |
          Lair |  10881 |  10402 |    479 |   2795 |   5934 |   5 | 2176.2 |
         Swamp |    293 |    293 |      0 |     73 |     70 |   2 |  146.5 |
  Orcish Mines |   4250 |   3938 |    312 |   1752 |   1289 |   2 | 2125.0 |
         Abyss |     63 |     63 |      0 |     21 |     11 |   1 |   63.0 |
         Sewer |    200 |    200 |      0 |     51 |    115 |   1 |  200.0 |
               +--------+--------+--------+--------+--------+-----+--------+

Top non-repeatable levels by time:
  Lair:5: 3196 daAuts
   Orc:1: 2916 daAuts
  Lair:2: 2901 daAuts
    D:10: 2834 daAuts
     D:9: 2415 daAuts
     D:6: 1780 daAuts
  Lair:1: 1680 daAuts
  Lair:3: 1676 daAuts
  Lair:4: 1427 daAuts
     D:8: 1412 daAuts
    D:14: 1336 daAuts
   Orc:2: 1333 daAuts
    D:15: 1322 daAuts
    D:11: 1311 daAuts
     D:4: 1228 daAuts
